 Dungeon Crawl Stone Soup version 0.31.0-11-ge490571c62 (webtiles) character file.

Game seed: 2491562794692307131

188 monsoonserge the Shooter (level 5, -4/25 HPs)
             Began as a Spriggan Hexslinger on Jan 30, 2024.
             Killed from afar by an orc wizard (7 damage)
             ... with a puff of flame
             ... on level 3 of the Dungeon.
             The game lasted 00:07:45 (1604 turns).

monsoonserge the Shooter (Spriggan Hexslinger)      Turns: 1604, Time: 00:07:46

Health: -4/25      AC:  3    Str:  4    XL:     5   Next: 39%
Magic:  8/8        EV: 18    Int: 14    God:
Gold:   135        SH:  0    Dex: 20    Spells: 2/7 levels left

rFire   . . .        a - +1 sling
rCold   . . .        (no shield)
rNeg    . . .        c - +0 robe
rPois   +            (helmet restricted)
rElec   .            m - +0 cloak
rCorr   .            (gloves unavailable)
SInv    +            (boots unavailable)
Will    .....        (no amulet)
Stlth   ++           d - ring of poison resistance
HPRegen 0.24/turn    (no ring)
MPRegen 0.11/turn

%: no passive effects
@: very quick
A: very small, no large weapons, unfitting armour, see invisible, speed 3
a: no special abilities


You were on level 3 of the Dungeon.
You visited 1 branch of the dungeon, and saw 3 of its levels.

You collected 135 gold pieces.

Inventory:

Hand Weapons
 a - a +1 sling (weapon)
Armour
 c - a +0 robe (worn)
 m - a +0 cloak (worn)
Jewellery
 d - a ring of poison resistance (left hand)
 k - a ring of ice
Scrolls
 b - a scroll of poison
 e - 3 scrolls of identify {unknown}
 g - a scroll of fear {unknown}
 i - 2 scrolls of teleportation {unknown}
Potions
 f - 2 potions of cancellation {unknown}
 h - a potion of might {unknown}
 j - a potion of brilliance {unknown}
 l - a potion of lignification {unknown}
 n - a potion of haste {unknown}
 o - a potion of mutation {unknown}


   Skills:
 + Level 1.5 Fighting
 + Level 4.6 Ranged Weapons
 + Level 3.5 Dodging
 + Level 0.5 Stealth
 + Level 1.6 Spellcasting
 + Level 4.1 Hexes
 - Level 1.0 Fire Magic


You had 2 spell levels left.
You knew the following spells:

 Your Spells              Type           Power      Damage    Failure   Level
a - Jinxbite              Hex            24%        N/A       7%          2
b - Inner Flame           Hex/Fire       8%         N/A       26%         3

Your spell library contained the following spells:

 Spells                   Type           Power      Damage    Failure   Level
 Sigil of Binding         Hex            12%        N/A       14%         3
 Cause Fear               Hex            6%         N/A       41%         4
 Dimensional Bullseye     Hex/Tloc       3%         N/A       71%         4


Dungeon Overview and Level Annotations

Branches:
Dungeon (3/15)

Altars:


Innate Abilities, Weirdness & Mutations

You are very small and have problems with some larger weapons.
You are too small for most types of armour.
You have supernaturally acute eyesight. (SInv)
You cover ground extremely quickly. (Speed+++)


Message History

The sling bullet hits the orc wizard but does no damage.
The orc wizard is moderately wounded.
The orc wizard gestures at you while chanting.
You easily resist.
You shoot a sling bullet. The sling bullet hits the orc wizard.
The orc wizard is heavily wounded.
The orc wizard completely misses you.
You shoot a sling bullet. The sling bullet hits the orc wizard.
The orc wizard is severely wounded.
The orc wizard hits you with a +0 dagger. x2
You shoot a sling bullet. The sling bullet misses the orc wizard.
The orc wizard points at you and mumbles some strange words.
You easily resist.
You shoot a sling bullet. The sling bullet hits the orc wizard.
The orc wizard is almost dead.
The orc wizard casts a spell at you. The magic dart hits you.
You shoot a sling bullet.
The sling bullet hits the orc wizard but does no damage.
The orc wizard is almost dead.
The orc wizard hits you with a +0 dagger.
You are too injured to fight recklessly!
Fire: a) +1 sling
Press: ? - help, Q - select action, (/) - cycle Shift-Dir - straight line, f/p - orc wizard
Aim: an orc wizard, wielding a +0 dagger and wearing a +0 robe (almost dead, slightly transparent, 56% to hit)
You shoot a sling bullet.
The sling bullet hits the orc wizard but does no damage.
The orc wizard is almost dead.
The orc wizard gestures at you while chanting.
The magic dart hits you!
* * * LOW HITPOINT WARNING * * *
Fire: a) +1 sling
Press: ? - help, Q - select action, (/) - cycle Shift-Dir - straight line, f/p - orc wizard
Aim: an orc wizard, wielding a +0 dagger and wearing a +0 robe (almost dead, slightly transparent, 56% to hit)
You shoot a sling bullet.
The sling bullet hits the orc wizard but does no damage.
The orc wizard is almost dead.
The orc wizard gestures at you while chanting.
The puff of flame hits you!
You die...

##.#
#.># ..
#.##
#.. #.#
#...
#.# #..
#.# #..
#.##)#
#.#o##
#.@).#
#####.#


You could see an orc wizard (invisible).

Vanquished Creatures
  An orc priest (D:3)
  Terence (D:2)
  3 gnolls (D:2)
  5 adders
  A ribbon worm (D:2)
  3 dart slugs
  3 orcs (D:3)
  4 ball pythons
  7 endoplasms
  3 giant cockroaches
  3 goblins
  3 hobgoblins
  5 bats
  A frilled lizard (D:1)
  2 kobolds (D:3)
  4 rats
49 creatures vanquished.

Notes
Turn   | Place    | Note
-------+----------+-------------------------------------------
     0 | D:1      | monsoonserge the Spriggan Hexslinger began the quest for
                  | the Orb.
     0 | D:1      | Reached XP level 1. HP: 9/9 MP: 3/3
   202 | D:1      | Reached XP level 2. HP: 14/14 MP: 5/5
   210 | D:1      | Learned a level 2 spell: Jinxbite
   662 | D:2      | Noticed Terence
   694 | D:2      | Reached XP level 3. HP: 15/17 MP: 3/6
   700 | D:2      | Killed Terence
   701 | D:2      | Reached skill level 1 in Fighting
   799 | D:2      | Reached XP level 4. HP: 22/22 MP: 4/7
  1145 | D:2      | Learned a level 3 spell: Inner Flame
  1456 | D:3      | Found a faded altar of an unknown god.
  1481 | D:3      | Reached XP level 5. HP: 23/25 MP: 8/8
  1586 | D:3      | Reached skill level 1 in Fire Magic
  1604 | D:3      | Killed from afar by an orc wizard

Illustrated notes

Levels and vault maps discovered:
D:1:      evilmike_arrival_plus, layout_loops_ring
D:2:      layout_basic, serial_rivers, chequers_serial_rivers_large_b,
          chequers_serial_rivers_micro_e, chequers_serial_rivers_micro_d,
          chequers_serial_rivers_room_b, chequers_serial_rivers_room_a,
          uniq_terence
D:3:      layout_loops_cross, basic_ecumenical_altar, kennysheep_minor_cross,
          nicolae_figureground_pulse

Skill      XL: |  1  2  3  4  5 |
---------------+----------------+-----
Dodging        | 3 |  3.5
Hexes          | 4 |  4.1
Fighting       | 1 |  1.5
Ranged Weapons | 3 4 |  4.6
Fire Magic     | 1 |  1.0
Stealth        | |  0.5
Spellcasting   | |  1.6

Action                     |  1- 3 |  4- 6 || total
---------------------------+-------+-------++-------
   Fire: Sling             |    59 |   101 ||   160
   Cast: Jinxbite          |     2 |     6 ||     8
 Armour: Robe              |     9 |    10 ||    19
  Dodge: Dodged            |    16 |    34 ||    50
